 Dungeon Crawl Stone Soup version 0.21.1 (console) character file.

606 2d6 the Skirmisher (level 7, -5/56 HPs)
             Began as a Demonspawn Chaos Knight on Feb 3, 2018.
             Was a Follower of Ashenzari.
             Incinerated by ShornTheSheep's ghost (7 damage)
             ... with a sticky flame
             ... on level 5 of the Dungeon.
             The game lasted 00:17:50 (3869 turns).

2d6 the Skirmisher (Demonspawn Chaos Knight)        Turns: 3869, Time: 00:17:51

Health: -5/56      AC:  5    Str: 15    XL:     7   Next: 19%
Magic:  8/8        EV: 12    Int: 13    God:    Ashenzari [*.....]
Gold:   275        SH:  0    Dex: 12    Spells: 6/6 levels left

rFire    . . .     SeeInvis .   a - +0 falchion (chaos) (curse)
rCold    + . .     Gourm    .   (no shield)
rNeg     . . .     Faith    .   b - +2 leather armour
rPois    .         Spirit   .   (helmet restricted)
rElec    .         Reflect  .   (no cloak)
rCorr    .         Harm     .   (no gloves)
MR       .....                  (no boots)
Stlth    +.........             (no amulet)
HPRegen  0.18/turn              (no ring)
MPRegen  0.11/turn              (no ring)

@: liquid flames, glowing
A: horns 2, cold resistance 1, demonic guardian 2, screaming 1, no potion heal
1, freezing cloud immunity
a: Curse Item, Scrying, Renounce Religion


You were on level 5 of the Dungeon.
You worshipped Ashenzari.
Ashenzari was aware of your devotion.
You were hungry.

You visited 1 branch of the dungeon, and saw 5 of its levels.

You collected 275 gold pieces.

Inventory:

Hand Weapons
 a - a cursed +0 falchion of chaos (weapon)
Missiles
 j - 212 stones (quivered)
 u - 8 javelins
Armour
 b - a +2 leather armour (worn)
 n - a +0 ring mail
Jewellery
 d - an uncursed ring of loudness
 B - a cursed amulet of inaccuracy
Wands
 p - a wand of paralysis (14)
 r - a wand of flame (24)
Scrolls
 e - a scroll of noise {unknown}
 h - 3 scrolls of identify
 k - a scroll of amnesia {unknown}
 m - 5 scrolls of remove curse
 o - 2 scrolls of teleportation {unknown}
 x - 3 scrolls of magic mapping
 y - a scroll of immolation {unknown}
Potions
 g - a potion of berserk rage
 i - 3 potions of cancellation
 q - 3 potions of flight
 t - 2 potions of curing
 z - a potion of brilliance
Comestibles
 c - 7 rations


   Skills:
 - Level 5.2 Fighting
 - Level 5.0 Long Blades
 + Level 2.0 Armour
 - Level 3.1 Dodging
 - Level 2.2 Evocations


You had 6 spell levels left.
You didn't know any spells.

Dungeon Overview and Level Annotations

Branches:
Dungeon (5/15)
 Temple: D:4-7

Altars:
Ashenzari
Dithmenos
Kikubaaqudgha
Xom
Yredelemnul

Annotations:
D:5 Ijyb; ShornTheSheep's ghost, novice OgFE


Innate Abilities, Weirdness & Mutations

You have a pair of horns on your head.
Your flesh is cold resistant. (rC+)
A demonic guardian rushes to your aid.
You are immune to freezing clouds.
You occasionally shout uncontrollably at your foes.
Potions are less effective at restoring your health.


Message History

ShornTheSheep's ghost completely misses you.
You closely miss ShornTheSheep's ghost.
Your headbutt misses ShornTheSheep's ghost.
ShornTheSheep's ghost is almost destroyed.
You are covered in liquid flames!
You hear a zap.
You hear a grinding noise.
ShornTheSheep's ghost hits you.
You closely miss ShornTheSheep's ghost.
You headbutt ShornTheSheep's ghost, but do no damage.
ShornTheSheep's ghost is almost destroyed.
You are covered in liquid flames!
* * * LOW HITPOINT WARNING * * *
ShornTheSheep's ghost hits you.
* * * LOW HITPOINT WARNING * * *
x2 You are covered in liquid flames!
* * * LOW HITPOINT WARNING * * *
You hear a zap.
You hear a grinding noise.
Ijyb the Twisted Goblin comes into view.
She is wielding a club.
You are covered in liquid flames!
You die...

#..#....[..
#..........
#.>.......
#...(..... # #
#...#S.# .##.##
#....#l##......
#..g.l.W...#
#3.#.# .#
##@#.##.# #.#.##.#
### #.#.##.### #.#
#.#####.#......#
#.#
#............#.###
#.#
#######.†........#
#.# ###....#.# #.#
####.#
#.############ #.#


You could see ShornTheSheep's ghost, an adder, a leopard gecko, a frilled lizard
and a friendly sixfirhy.

Vanquished Creatures
  An ogre (D:5)
  An orc priest (D:4)
  An orc wizard (D:4)
  2 worker ants (D:4)
  A worker ant zombie (D:5)
  8 adders
  2 shadow imps (D:5)
  An ooze (D:3)
  3 adder skeletons
  A dart slug (D:1)
  4 leopard geckos
  8 orcs
  6 giant cockroaches
  10 goblins
  5 hobgoblins
  7 jackals
  5 quokkas
  2 ball pythons
  9 bats
  8 frilled lizards
  9 kobolds
  5 rats
99 creatures vanquished.

Vanquished Creatures (collateral kills)
  3 ogres
  An iguana (D:5)
  An orc wizard (D:4)
  3 orcs (D:4)
  A giant cockroach (D:5)
9 creatures vanquished.

Grand Total: 108 creatures vanquished

Notes
Turn   | Place    | Note
-------+----------+-------------------------------------------
     0 | D:1      | 2d6 the Demonspawn Chaos Knight began the quest for the Orb.
     0 | D:1      | Reached XP level 1. HP: 18/18 MP: 1/1
   193 | D:1      | Gained mutation: A weak demonic guardian rushes to your aid. [demonic ancestry]
   193 | D:1      | Reached XP level 2. HP: 24/24 MP: 2/2
   565 | D:1      | XOM: harmless Summ miscast
   875 | D:2      | Gained mutation: Your flesh is cold resistant. (rC+) [demonic ancestry]
   875 | D:2      | Reached XP level 3. HP: 25/29 MP: 3/3
  1148 | D:2      | XOM: scenery: create altars
  1218 | D:2      | Gained mutation: A demonic guardian rushes to your aid. [demonic ancestry]
  1218 | D:2      | Reached XP level 4. HP: 28/35 MP: 4/4
  1270 | D:2      | Found a shattered altar of Ashenzari.
  1318 | D:2      | Fell from the grace of Xom
  1318 | D:2      | Became a worshipper of Ashenzari the Shackled
  1457 | D:2      | Found an ancient bone altar of Kikubaaqudgha.
  1728 | D:3      | Found a shadowy altar of Dithmenos.
  2149 | D:3      | XOM: noise
  2290 | D:4      | Found a basalt altar of Yredelemnul.
  2394 | D:4      | Reached skill level 5 in Long Blades
  2394 | D:4      | Reached skill level 1 in Evocations
  2394 | D:4      | Gained mutation: You have a pair of small horns on your head. [demonic ancestry]
  2394 | D:4      | Reached XP level 5. HP: 20/41 MP: 5/5
  2570 | D:4      | Reached skill level 1 in Dodging
  2571 | D:4      | Reached * piety under Ashenzari
  2618 | D:4      | Noticed an ogre
  2629 | D:4      | Killed an ogre
  2693 | D:4      | Gained mutation: You are immune to freezing clouds. [demonic ancestry]
  2693 | D:4      | Reached XP level 6. HP: 47/47 MP: 7/7
  3256 | D:5      | Entered Level 5 of the Dungeon
  3570 | D:5      | XOM: give mutations
  3570 | D:5      | Gained mutation: Potions are less effective at restoring your health. [Xom's mischief]
  3570 | D:5      | Gained mutation: You are clumsy. (Dex -2) [Xom's mischief]
  3570 | D:5      | Lost mutation: You are clumsy. (Dex -2) [Xom's mischief]
  3570 | D:5      | Gained mutation: You occasionally shout uncontrollably at your foes. [Xom's mischief]
  3718 | D:5      | Gained mutation: You have a pair of horns on your head. [demonic ancestry]
  3718 | D:5      | Reached XP level 7. HP: 53/55 MP: 8/8
  3778 | D:5      | Reached skill level 5 in Fighting
  3861 | D:5      | Noticed ShornTheSheep's ghost (novice OgFE)
  3868 | D:5      | HP: 1/56 [burnt (7)]
  3869 | D:5      | Noticed Ijyb
  3869 | D:5      | Incinerated by ShornTheSheep's ghost

Skill      XL: |  1  2  3  4  5  6  7 |
---------------+----------------------+-----
Long Blades    | 3 4 5 |  5.0
Evocations     | 1 2 |  2.2
Dodging        | 2 3 |  3.1
Fighting       | 4 5 |  5.2
Armour         | 2 |  2.0

Action                   |  1- 3 |  4- 6 |  7- 9 || total
-------------------------+-------+-------+-------++-------
Melee: Falchion          |   112 |   167 |    15 ||   294
       Headbutt          |       |    20 |     6 ||    26
Throw: Stone             |       |       |     3 ||     3
Invok: Curse Item        |       |     1 |       ||     1
Evoke: Wand              |       |     1 |       ||     1
  Use: Scroll            |     1 |       |     1 ||     2
       Potion            |       |    10 |       ||    10
 Stab: Petrified         |     2 |       |       ||     2
       Petrifying        |     1 |       |       ||     1
       Sleeping          |     1 |       |       ||     1
  Eat: Chunk             |     1 |     8 |       ||     9
Armor: Leather armour    |    35 |    48 |     1 ||    84
Dodge: Dodged            |    69 |    93 |    10 ||   172
       Rpst.: Falchion   |    16 |    31 |     7 ||    54
